 Dungeon Crawl Stone Soup version 0.22-a0-422-g9628fc8 (webtiles) character file.

24 Gorice the Sneak (level 2, 0/16 HPs)
             Began as a Deep Elf Wanderer on May 16, 2018.
             Slain by a gnoll
             ... wielding a +1 spear of venom
              (4 damage)
             ... on level 1 of the Dungeon.
             The game lasted 00:02:53 (247 turns).

Gorice the Sneak (Deep Elf Wanderer)                 Turns: 247, Time: 00:02:54

Health: 0/16       AC:  5    Str:  9    XL:     2   Next: 79%
Magic:  4/4        EV: 10    Int: 18    God:
Gold:   25         SH:  0    Dex: 12    Spells: 1/1 levels left

rFire    . . .     SeeInvis .   a - +2 short sword
rCold    . . .     Gourm    .   (no shield)
rNeg     . . .     Faith    .   c - +0 ring mail
rPois    .         Spirit   .   (no helmet)
rElec    .         Reflect  .   (no cloak)
rCorr    .         Harm     .   (no gloves)
MR       .....                  (no boots)
Stlth    ++........             (no amulet)
HPRegen  0.05/turn              (no ring)
MPRegen  0.09/turn              (no ring)

@: lethally poisoned (0 -> -9)
A: no striking features
a: no special abilities


You were on level 1 of the Dungeon.
You were not hungry.

You visited 1 branch of the dungeon, and saw 1 of its levels.

You collected 25 gold pieces.

Inventory:

Hand Weapons
 a - a +2 short sword (weapon)
 d - a +0 dagger
Armour
 c - a +0 ring mail (worn)
Comestibles
 f - a ration
 g - a chunk of flesh


   Skills:
 + Level 1.3 Fighting
 + Level 2.7 Short Blades
   Level 1.0 Crossbows
 - Level 1.5 Armour
 - Level 1.2 Dodging
 - Level 3.6 Stealth
   Level 1.1 Evocations


You had one spell level left.
You didn't know any spells.
Your spell library was empty.

Dungeon Overview and Level Annotations

Branches:
Dungeon (1/15)

Altars:


Message History

You closely miss the jackal.
The jackal is almost dead.
The jackal bites you.
* * * LOW HITPOINT WARNING * * *
Damage: 2 (max 3)
You hit the jackal.
You kill the jackal!
You hit the jackal.
The jackal is heavily wounded.
The jackal bites you but does no damage. x2
You hit the jackal.
The jackal is almost dead.
The jackal bites you.
* * * LOW HITPOINT WARNING * * *
Damage: 1 (max 3)
You hit the jackal but do no damage.
The jackal is almost dead.
The jackal barely misses you.
The jackal bites you but does no damage.
You hit the jackal.
You kill the jackal!
Found 9 gold pieces.
Found a dagger.
Things that are here:
a jackal corpse x2
You puncture the hobgoblin!
You kill the hobgoblin!
The gnoll closely misses you.
You see here a club.
You closely miss the gnoll. The gnoll hits you but does no damage.
Some of the chunks of flesh in your inventory have rotted away.
You barely miss the gnoll. The gnoll closely misses you.
You hit the gnoll.
The gnoll is lightly wounded.
The gnoll hits you with a spear of venom.
* * * LOW HITPOINT WARNING * * *
You are lethally poisoned!
Damage: 2 (max 3)
You puncture the gnoll!
The gnoll is severely wounded.
* * * LOW HITPOINT WARNING * * *
You feel sick.
The gnoll hits you with a spear of venom.
* * * LOW HITPOINT WARNING * * *
You barely miss the gnoll.
The gnoll is severely wounded.
* * * LOW HITPOINT WARNING * * *
You feel sick.
The gnoll hits you with a spear of venom.
You die...

≈#.<#≈≈§.###.....#
≈####≈≈≈.........#
8≈≈≈≈8≈≈.###.....#
≈≈≈≈≈≈8≈.# ##....#
≈≈≈§≈≈≈≈.#####.#.#
#.?§....###....#.#
#.....#..##.####.#
#####.$..##.# #g#
##.#.##g# #@#
#......# #†#
#.###..####.# #.#
#.......#
#g###..######
#$.....# ###.##.#
#.##.# #.##.#


You could see a gnoll.

Vanquished Creatures
  An ooze (D:1)
  A dart slug (D:1)
  A giant cockroach (D:1)
  A goblin (D:1)
  2 hobgoblins (D:1)
  7 jackals (D:1)
  2 bats (D:1)
  A rat (D:1)
16 creatures vanquished.

Notes
Turn   | Place    | Note
-------+----------+-------------------------------------------
     0 | D:1      | Gorice the Deep Elf Wanderer began the quest for the Orb.
     0 | D:1      | Gorice set off with: a +2 short sword, a potion of curing, a +0 ring mail, a +0 dagger, a ration
     0 | D:1      | Reached XP level 1. HP: 10/10 MP: 3/3
     0 | D:1      | --Oh FFS 18 Int but no spells, glass entry vault with 5 monsters visible!
    50 | D:1      | Reached XP level 2. HP: 16/16 MP: 4/4
    52 | D:1      | Reached skill level 1 in Fighting
   169 | D:1      | HP: 4/16 [jackal (3)]
   177 | D:1      | HP: 4/16 [jackal (1)]
   185 | D:1      | HP: 1/16 [jackal (2)]
   247 | D:1      | HP: 4/16 [poisoned by a gnoll]
   247 | D:1      | Slain by a gnoll

Vault maps used:
D:1:      lightli_arrival_boilingwater, minmay_lizard_pond

Skill      XL: |  1  2 |
---------------+-------+-----
Fighting       | 1 |  1.3
Short Blades   | |  2.7
Crossbows      | |  1.0
Armour         | |  1.5
Dodging        | |  1.2
Stealth        | |  3.6
Evocations     | |  1.1

Action                   || total
-------------------------++-------
Melee: Short sword       ||    61
  Use: Potion            ||     1
 Stab: Sleeping          ||     1
Armor: Ring mail         ||    30
Dodge: Dodged            ||    41

Table legend:
 A = Spawn XP
 B = Non-spawn XP
 C = Spawn XP percentage of total XP
 D = Spawn monster count
 E = Non-spawn monster count
 F = Spawn count percentage of total count
 G = Total turns spent on level
                    A         B        C        D         E        F      G
               +---------+---------+-------+---------+---------+-------+---------
         Total |       0 |      35 |   0.0 |       0 |      16 |   0.0 |   247
               +---------+---------+-------+---------+---------+-------+---------
           D:1 |       0 |      35 |   0.0 |       0 |      16 |   0.0 |   247
               +---------+---------+-------+---------+---------+-------+---------

Table legend:
 A = Turns spent in this place as a percentage of turns spent in the entire game.
 B = Non-inter-level travel turns spent in this place as a percentage of non-inter-level travel turns spent in the entire game.
 C = Inter-level travel turns spent in this place as a percentage of turns spent in this place.
 D = Turns resting spent in this place as a percentage of non-inter-level travel turns spent in this place.
 E = Turns spent auto-exploring this place as a percentage of non-inter-level travel turns spent in this place.
 F = Non-inter-level travel turns spent in this place divided by the number of levels of this place that you've seen.
                   A       B       C       D       E      F
               +-------+-------+-------+-------+-------+----------------------
         Total | 100.0 | 100.0 |   0.0 |   0.8 |  11.3 | 247.0
       Dungeon | 100.0 | 100.0 |   0.0 |   0.8 |  11.3 | 247.0
               +-------+-------+-------+-------+-------+----------------------

Vault maps used:
D:1:      lightli_arrival_boilingwater, minmay_lizard_pond
